 Dungeon Crawl Stone Soup version 0.31-a0-596-g831eee08f1 (webtiles) character file.

Game seed: 9462944573355490537

12063 BubbleThief the Fighter (level 12, -2/103 HPs)
             Began as a Formicid Earth Elementalist on Aug 20, 2023.
             Was an Elder of Vehumet.
             Slain by Grum
             ... wielding a -1 glaive
              (19 damage)
             ... on level 10 of the Dungeon.
             The game lasted 00:26:47 (12111 turns).

BubbleThief the Fighter (FoEE)                     Turns: 12111, Time: 00:26:48

Health: -2/103     AC:  5    Str: 21    XL:     12   Next: 15%
Magic:  3/26       EV: 12    Int: 24    God:    Vehumet [****..]
Gold:   649        SH:  0    Dex: 12    Spells: 22/32 levels left

rFire   . . .        c - +2 rapier (venom)
rCold   . . .        (no shield)
rNeg    + . .        z - +2 robe {rN+}
rPois   .            (helmet unavailable)
rElec   .            n - scarf {+Inv}
rCorr   .            (no gloves)
SInv    +            G - +0 pair of boots {Stlth+}
Will    +....        a - amulet of faith
Stlth   +++          y - +6 ring of intelligence
HPRegen 0.37/turn    H - +6 ring of strength
MPRegen 0.20/turn

%: faith
@: invisible
A: permanent stasis, dig shafts and tunnels, antennae 3, four strong arms,
clumsy 1
a: Dig, Shaft Self, Renounce Religion, Evoke Invisibility


You were on level 10 of the Dungeon.
You worshipped Vehumet.
Vehumet was greatly pleased with you.
You visited 2 branches of the dungeon, and saw 11 of its levels.
You also visited: Sewer, Ossuary and Bailey.

You collected 649 gold pieces.

Inventory:

Hand Weapons
 c - a +2 rapier of venom (weapon)
 f - a +3 scimitar of flaming
 J - a +4 battleaxe
 L - a +4 dire flail
 M - a +4 great sword
Armour
 n - a scarf of invisibility (worn)
 z - a +2 robe of positive energy (worn)
 D - the +7 ring mail of Gluttony {Harm rC- Dex+4 Stlth+}
   (You found it on level 7 of the Dungeon)

   Dex+4:     It affects your dexterity (+4).
   rC-:       It makes you vulnerable to cold.
   Harm:      It increases damage dealt and taken.
   Stlth+:    It makes you more stealthy.
 G - a +0 pair of boots of stealth (worn)
Jewellery
 a - an amulet of faith (around neck)
 r - a ring of protection from fire
 y - a +6 ring of intelligence (left hand)
 H - a +6 ring of strength (right hand)
Talismans
 t - a talisman of death
Wands
 C - a wand of charming (8)
Scrolls
 d - 2 scrolls of identify
 e - a scroll of acquirement {unknown}
 g - 4 scrolls of enchant weapon {unknown}
 h - 3 scrolls of enchant armour {unknown}
 j - 8 scrolls of teleportation {unknown}
 q - a scroll of vulnerability {unknown}
 u - 2 scrolls of revelation {unknown}
 v - 3 scrolls of amnesia {unknown}
 w - 2 scrolls of fear {unknown}
 x - 2 scrolls of brand weapon {unknown}
 A - a scroll of poison {unknown}
 B - a scroll of noise {unknown}
 K - 2 scrolls of silence {unknown}
 N - a scroll of torment {unknown}
Potions
 b - 6 potions of magic
 i - 5 potions of curing
 k - a potion of heal wounds {unknown}
 l - 3 potions of might
 m - 4 potions of enlightenment
 o - 4 potions of lignification
 p - 4 potions of attraction
 s - 3 potions of mutation
 E - 4 potions of resistance
 I - 5 potions of invisibility


   Skills:
 + Level 12.3 Fighting
 - Level 1.7 Dodging
 - Level 2.4 Stealth
 + Level 10.6 Spellcasting
 - Level 4.0 Conjurations
 - Level 1.1 Transmutations
 - Level 12.0 Earth Magic


You had 22 spell levels left.
You knew the following spells:

 Your Spells              Type           Power      Damage    Failure   Level
a - Sandblast             Erth           100%       2d20      1%          1
b - Passwall              Tmut/Erth      36%        N/A       1%          2
c - Animate Armour        Summ/Erth      82%        N/A       4%          4
d - Stone Arrow           Conj/Erth      100%       3d13      1%          3

Your spell library contained the following spells:

 Spells                   Type           Power      Damage    Failure   Level
 Arcjolt                  Conj/Air       11%        1d21      16%         5
 Magic Dart               Conj           100%       1d8       1%          1
 Poisonous Vapours        Pois/Air       24%        N/A       2%          2
 Mephitic Cloud           Conj/Pois/Air  19%        N/A       2%          3
 Petrify                  Tmut/Erth      44%        N/A       3%          4
 Slow                     Hex            48%        N/A       4%          1
 Call Imp                 Summ           24%        N/A       8%          2
 Confusing Touch          Hex            12%        N/A       16%         3
 Vampiric Draining        Necr           12%        2d6       16%         3
 Silence                  Hex/Air        6%         N/A       80%         5
 Lehudib's Crystal Spear  Conj/Erth      25%        10d7      94%         8


Dungeon Overview and Level Annotations

Branches:
Dungeon (10/15)            Temple (1/1) D:5           Sewer (visited)
Ossuary (visited)          Bailey (visited)
   Lair: D:8-11         Orc: D:9-12

Altars:
Ashenzari
Cheibriados
Dithmenos
Elyvilon
Fedhas
Hepliaklqana
Kikubaaqudgha
Makhleb
Nemelex Xobeh
Okawaru
Qazlal
Ru
Sif Muna
Trog
Uskayaw
Vehumet
Wu Jian
Xom
Yredelemnul
Zin
The Shining One

Annotations:
D:10 Grum


Innate Abilities, Weirdness & Mutations

You cannot be hasted, slowed, berserked, paralysed or teleported.
You can dig through walls and to a lower floor.
You have a pair of large antennae on your head. (SInv)
Your four strong arms can wield two-handed weapons with a shield.
You are clumsy. (Dex -2)


Message History

The stone arrow misses the wolf.
The wolf bites you but does no damage. Grum misses you. The wolf bites you!
* * * LOW HITPOINT WARNING * * *
The wolf bites you.
* * * LOW HITPOINT WARNING * * *
Unknown command.
You feel better. The wolf bites you but does no damage.
The wolf completely misses you. Grum closely misses you.
The wolf bites you but does no damage.
Casting: Stone Arrow (safe; 1% risk of failure)
Confirm with . or Enter, or press ? or * to list all spells.
Aiming: Stone Arrow (safe; 1% risk of failure)
Press: ? - help, Shift-Dir - straight line, f/p - wolf
Aim: a wolf (63% to hit)
The stone arrow hits the wolf!!
The wolf is almost dead.
The wolf bites you.
* * * LOW HITPOINT WARNING * * *
The wolf barely misses you. The wolf bites you but does no damage.
Unknown command.
Unknown command.
Casting: Stone Arrow (safe; 1% risk of failure)
Confirm with . or Enter, or press ? or * to list all spells.
Aiming: Stone Arrow (safe; 1% risk of failure)
Press: ? - help, Shift-Dir - straight line, f/p - wolf
Aim: a wolf (almost dead, 63% to hit)
The stone arrow hits the wolf!
You kill the wolf!
Vehumet accepts your kill.
You feel your power returning.
Unknown command.
Casting: Stone Arrow (safe; 1% risk of failure)
Confirm with . or Enter, or press ? or * to list all spells.
Aiming: Stone Arrow (safe; 1% risk of failure)
Press: ? - help, Shift-Dir - straight line, f - Grum
Aim: Grum, wielding a -1 glaive and wearing a +1 animal skin (unable to see you, 81% to hit)
The stone arrow hits Grum!
Grum is heavily wounded.
Grum hits you with a -1 glaive!!
You die...

#..# #..# ####..# #..#
#.##..#########..#
..###..#.........#######
...#....................
........###..##.........
........##...##..#######
........#.....#..#
...#...........†@#
..###..#.......#g# #..
..###.....##h. .......
..###..#†.. ... ...
..,..### #. .. .## # ..
,. # .. ...


You could see Grum (unable to see you) and a wolf.

Vanquished Creatures
  2 vault guards (Bailey)
  Erica (D:8)
  A two-headed ogre (D:9)
  A rust devil (D:9)
  An orange demon (D:9)
  Jeremiah (D:7)
  An unseen horror (D:6)
  2 trolls (D:9)
  A polar bear (D:8)
  A red devil (D:9)
  Grinder (D:4)
  Prince Ribbit (Bailey)
  2 wyverns
  A wraith (D:8)
  3 humans (Bailey)
  10 yaks
  A neqoxec (D:9)
  A chaos spawn (D:9)
  A steam dragon (D:7)
  Menkaure (D:7)
  2 ice beasts
  An orc warrior (Bailey)
  A sky beast (D:7)
  A black bear (D:5)
  4 wolves
  3 centaurs
  5 kobold brigands
  2 elf zombies (D:5)
  A nameless horror (D:8)
  10 bullfrogs
  2 elf skeletons (D:5)
  A gnoll sergeant (D:7)
  A scorpion (D:5)
  A water moccasin zombie (Ossuary)
  9 wights (D:8)
  9 killer bees
  A howler monkey (D:6)
  A wyvern simulacrum (D:8)
  2 orc priests (D:6)
  5 hounds
  A gnoll bouda (D:6)
  A sleepcap (D:6)
  2 human skeletons (D:5)
  2 iguanas
  5 orc wizards
  2 mummies (Ossuary)
  16 gnolls
  14 adders
  10 river rats (D:6)
  A shadow imp (D:6)
  3 white imps
  5 ufetubi
  2 worms
  7 adder zombies (Ossuary)
  6 dart slugs
  15 orcs
  14 endoplasms
  18 giant cockroaches
  5 gnoll zombies (Ossuary)
  14 goblins
  6 hobgoblins
  5 jackals
  16 quokkas
  19 ball pythons
  4 bats
  15 frilled lizards
  7 hobgoblin zombies (Ossuary)
  21 kobolds
  6 kobold zombies (Ossuary)
  4 orc skeletons (D:5)
  4 orc zombies
  24 rats
370 creatures vanquished.

Notes
Turn   | Place    | Note
-------+----------+-------------------------------------------
     0 | D:1      | BubbleThief the Formicid Earth Elementalist began the quest
                  | for the Orb.
     0 | D:1      | Reached XP level 1. HP: 13/13 MP: 3/3
   215 | D:1      | Reached XP level 2. HP: 19/19 MP: 3/5
   444 | D:1      | Reached XP level 3. HP: 11/24 MP: 0/7
  1052 | D:2      | Reached skill level 5 in Earth Magic
  1052 | D:2      | Reached XP level 4. HP: 30/30 MP: 6/8
  1696 | D:3      | Reached XP level 5. HP: 33/35 MP: 5/9
  1789 | D:3      | Found a sparkling altar of Nemelex Xobeh.
  2010 | D:3      | Found a glowing drain.
  2059 | Sewer    | Entered a sewer
  2569 | Sewer    | Noticed a bullfrog
  2569 | Sewer    | Noticed a bullfrog
  2577 | Sewer    | Killed a bullfrog
  2578 | Sewer    | Reached XP level 6. HP: 34/41 MP: 5/11
  3411 | D:4      | Noticed Grinder
  3419 | D:4      | Killed Grinder
  3420 | D:4      | Reached XP level 7. HP: 21/46 MP: 7/14
  3579 | D:4      | Found a broken altar of Ashenzari.
  3834 | D:4      | Found a bloodstained altar of Trog.
  3835 | D:4      | Found a glowing silver altar of Zin.
  3837 | D:4      | Found a glowing golden altar of the Shining One.
  3997 | D:5      | Entered Level 5 of the Dungeon
  4087 | D:5      | Reached skill level 5 in Spellcasting
  4428 | D:5      | Found a staircase to the Ecumenical Temple.
  4452 | D:5      | Learned a level 2 spell: Passwall
  4504 | D:5      | Reached XP level 8. HP: 52/52 MP: 11/15
  4558 | D:5      | Found a sand-covered staircase.
  4566 | Ossuary  | Entered an ossuary
  4895 | Ossuary  | Reached skill level 10 in Earth Magic
  5136 | D:5      | Got the Folio of the Windy Gargoyle
  5142 | D:5      | Learned a level 4 spell: Animate Armour
  5146 | D:5      | Learned a level 3 spell: Stone Arrow
  5288 | D:5      | Found a hazy altar of Hepliaklqana.
  5291 | D:5      | Reached skill level 1 in Fighting
  5291 | D:5      | Found a faded altar of an unknown god.
  5675 | Temple   | Entered the Ecumenical Temple
  5693 | Temple   | Became a worshipper of Vehumet
  5768 | D:6      | Reached XP level 9. HP: 59/64 MP: 14/18
  5915 | D:6      | Reached skill level 5 in Fighting
  6160 | D:6      | Noticed an unseen horror
  6174 | D:6      | Killed an unseen horror
  6190 | D:6      | Reached XP level 10. HP: 22/83 MP: 7/19
  6467 | D:6      | Identified the +0 hand axe of Gozag, Charming {holy, rPois
                  | rCorr Str+3 SInv}
  6471 | D:6      | Reached * piety under Vehumet
  6471 | D:6      | Offered knowledge of Shock by Vehumet.
  6608 | D:6      | Reached skill level 10 in Fighting
  7080 | D:6      | Offered knowledge of Kiss of Death by Vehumet.
  7097 | D:6      | Reached ** piety under Vehumet
  7421 | D:7      | Identified the +7 ring mail of Gluttony {Harm rC- Dex+4
                  | Stlth+}
  7437 | D:7      | Noticed Jeremiah
  7447 | D:7      | Killed Jeremiah
  8098 | D:7      | Noticed Menkaure
  8103 | D:7      | Killed Menkaure
  8283 | D:7      | Offered knowledge of Volatile Blastmotes by Vehumet.
  8488 | D:7      | Found a snail-covered altar of Cheibriados.
  8692 | D:8      | Reached *** piety under Vehumet
  8707 | D:8      | Reached skill level 1 in Conjurations
  8816 | D:8      | Noticed Erica
  9030 | D:8      | Killed Erica
  9031 | D:8      | Reached XP level 11. HP: 26/95 MP: 7/21
  9872 | D:8      | Identified the +7 spear "Zeidenez" {flame, rF+ Int-4
                  | Stlth+}
 10297 | D:9      | Offered knowledge of Inner Flame by Vehumet.
 10518 | D:9      | Gained mutation: You are clumsy. (Dex -2) [a neqoxec]
 10628 | D:9      | Found a burning altar of Makhleb.
 10744 | D:9      | Found an iron altar of Okawaru.
 10762 | D:9      | Noticed a two-headed ogre
 10769 | D:9      | Killed a two-headed ogre
 11231 | D:10     | Entered Level 10 of the Dungeon
 11235 | D:10     | Found a flagged portal.
 11248 | Bailey   | Entered a bailey
 11274 | Bailey   | Reached **** piety under Vehumet
 11375 | Bailey   | Noticed Prince Ribbit
 11378 | Bailey   | Noticed a vault guard
 11387 | Bailey   | Killed a vault guard
 11396 | Bailey   | Killed Prince Ribbit
 11542 | Bailey   | Noticed a vault guard
 11550 | Bailey   | Killed a vault guard
 11551 | Bailey   | Reached skill level 10 in Spellcasting
 11688 | Bailey   | Reached XP level 12. HP: 102/102 MP: 18/26
 11799 | D:10     | Offered knowledge of Arcjolt by Vehumet.
 12099 | D:10     | Noticed Grum
 12111 | D:10     | Slain by Grum

Illustrated notes

Levels and vault maps discovered:
D:1:      dpeg_arrival_rooms_c, layout_rooms, hangedman_decor_push,
          minmay_split_cup_large
D:2:      layout_rooms, minmay_worlds_worst_comb
D:3:      minmay_door_path, layout_basic, lemuel_doored_altar,
          portal_sewer_entry_f
D:4:      layout_loops_cross, mainiacjoe_overflow_tiny_flanked,
          gammafunk_temple_overflow_forgotten, uniq_grinder
D:5:      layout_cave_pods, beargit_hepliaklqana_dungeon_heroes, temple_pool_b,
          nicolae_ossuary_entry_catacombs
D:6:      lemuel_ratsnest, layout_basic, grunt_potential
D:7:      layout_basic, kennysheep_mini, uniq_jeremiah, uniq_menkaure
D:8:      layout_loops_ring, serial_ice, serial_ice_d, serial_ice_c,
          serial_ice_f, serial_ice_o, uniq_erica
D:9:      layout_cross, okawaru_gym_becter, mainiacjoe_overflow_small_starburst,
          minmay_liquid_box, nicolae_neqoxec_dot_bat
D:10:     nicolae_cairo_tiling_large_dashed, layout_small_grid,
          mainiacjoe_overflow_paths, david_lair_shrubbed, enter_bailey_5,
          nicolae_shop_fire_sale [nicolae_sub_dead_trees], uniq_grum
Temple:   chequers_temple_sunken

Skill      XL: |  1  2  3  4  5  6  7  8  9 10 11 |
---------------+----------------------------------+-----
Earth Magic    | 4 5 6 8 9 10 12 | 12.0
Spellcasting   | 3 4 5 6 10 | 10.6
Fighting       | 3 9 12 | 12.3
Conjurations   | 2 4 |  4.0
Dodging        | |  1.7
Stealth        | |  2.4
Transmutations | |  1.1

Action                     |  1- 3 |  4- 6 |  7- 9 | 10-12 || total
---------------------------+-------+-------+-------+-------++-------
  Melee: Rapier            |     3 |     3 |     2 |    36 ||    44
   Cast: Sandblast         |    38 |   135 |   150 |   196 ||   519
         Passwall          |       |       |     4 |       ||     4
         Stone Arrow       |       |       |       |    87 ||    87
         Animate Armour    |       |       |       |     5 ||     5
    Use: Scroll            |       |       |       |    11 ||    11
         Potion            |       |       |       |     4 ||     4
   Stab: Sleeping          |       |       |       |     1 ||     1
 Armour: Robe              |       |    20 |    19 |    38 ||    77
  Dodge: Dodged            |     9 |    43 |    38 |   132 ||   222

Table legend: (Time is in decaauts)
 A = Elapsed time spent in this place.
 B = Non-inter-level travel time spent in this place.
 C = Inter-level travel time spent in this place.
 D = Time resting spent in this place.
 E = Time spent auto-exploring this place.
 F = Levels seen in this place.
 G = Mean time per level.
                   A        B        C        D        E       F      G
               +--------+--------+--------+--------+--------+-----+--------+
         Total |  12447 |  12041 |    406 |    772 |   8978 |  14 |  889.1 |
       Dungeon |  10722 |  10351 |    371 |    772 |   7705 |  10 | 1072.2 |
        Temple |     36 |      2 |     34 |      0 |      0 |   1 |   36.0 |
         Sewer |    700 |    700 |      0 |      0 |    486 |   1 |  700.0 |
       Ossuary |    486 |    486 |      0 |      0 |    392 |   1 |  486.0 |
        Bailey |    500 |    500 |      0 |      0 |    394 |   1 |  500.0 |
               +--------+--------+--------+--------+--------+-----+--------+

Top non-repeatable levels by time:
     D:6: 1718 daAuts
     D:7: 1542 daAuts
     D:5: 1228 daAuts
     D:9: 1173 daAuts
     D:8: 1170 daAuts
     D:3: 977 daAuts
     D:1: 955 daAuts
     D:4: 828 daAuts
     D:2: 730 daAuts
   Sewer: 700 daAuts
  Bailey: 500 daAuts
 Ossuary: 486 daAuts
    D:10: 396 daAuts
  Temple: 36 daAuts
